 Dungeon Crawl Stone Soup version 0.19.0-19-g8c6edcc (console) character file.

179 Kloppie the Skirmisher (level 5, -2/43 HPs)
             Began as a Demonspawn Berserker on Nov 14, 2016.
             Was a Believer of Trog.
             Slain by Duvessa
             ... wielding a +0 rapier
              (9 damage)
             ... on level 4 of the Dungeon.
             The game lasted 00:03:52 (2397 turns).

Kloppie the Skirmisher (Demonspawn Berserker)       Turns: 2397, Time: 00:03:52

Health: -2/43      AC:  8    Str: 17    XL:     5   Next: 32%
Magic:  5/5        EV: 14    Int:  8    God:    Trog [**....]
Gold:   181        SH:  0    Dex: 19    Spells: 0 memorised, 4 levels left

rFire  . . .     SeeInvis .     a - +0 hand axe
rCold  . . .     Gourm    .     o - +0 chain mail
rNeg   . . .     Faith    .     (no shield)
rPois  .         Spirit   .     (no helmet)
rElec  .         Reflect  .     (no cloak)
rCorr  .         Harm     .     (no gloves)
MR     .....                    (no boots)
Stlth  ..........               (no amulet)
                                (no ring)
                                (no ring)

@: agile, exhausted, slowed, very slow
A: claws 1, powered by death 1, sturdy frame 1
a: Berserk, Trog's Hand, Burn Spellbooks, Renounce Religion


You were on level 4 of the Dungeon.
You worshipped Trog.
Trog was pleased with you.
You were hungry.

You visited 1 branch of the dungeon, and saw 4 of its levels.

You collected 181 gold pieces.

Inventory:

Hand Weapons
 a - a +0 hand axe (weapon)
 q - a +0 war axe
Armour
 o - a +0 chain mail (worn)
Scrolls
 b - 3 scrolls of remove curse {unknown}
 e - a scroll of immolation {unknown}
 h - 2 scrolls of enchant weapon {unknown}
 j - 4 scrolls of teleportation {unknown}
 m - 2 scrolls of identify {unknown}
 r - a scroll of fog {unknown}
 s - 3 scrolls of amnesia {unknown}
 t - a scroll of magic mapping {unknown}
 w - a scroll of random uselessness {unknown}
Potions
 g - 2 potions of agility
 i - a potion of heal wounds {unknown}
 k - a potion of brilliance {unknown}
 n - a potion of ambrosia {unknown}
 p - 2 potions of haste {unknown}
 u - a potion of flight {unknown}
 v - a potion of curing {unknown}
Comestibles
 c - 4 bread rations
 d - 2 meat rations
 f - a royal jelly
 l - 5 chunks of flesh


   Skills:
 + Level 4.7 Fighting
 + Level 4.3 Axes
 - Level 1.7 Armour
 - Level 1.7 Dodging


You had 4 spell levels left.
You didn't know any spells.

Dungeon Overview and Level Annotations

Branches:
Dungeon (4/15)
 Temple: D:4-7

Altars:
Xom

Annotations:
D:4 Duvessa; Kloppie's ghost, amateur DsBe


Innate Abilities, Weirdness & Mutations

You have sharp fingernails.
You regenerate a little health from kills.
Your movements are slightly less encumbered by armour. (ER -2)


Message History

* * * LOW HITPOINT WARNING * * *
Kloppie's ghost barely misses you.
You are too injured to fight recklessly!
You hit Kloppie's ghost but do no damage.
Kloppie's ghost is almost destroyed.
Kloppie's ghost hits you.
* * * LOW HITPOINT WARNING * * *
A quokka and a skeleton come into view.
It was a potion of agility.
You feel agile all of a sudden.
Kloppie's ghost hits you but does no damage.
Duvessa hits you but does no damage. Kloppie's ghost closely misses you.
Duvessa hits you but does no damage.
Found 9 gold pieces.
Duvessa hits you but does no damage. Kloppie's ghost hits you.
* * * LOW HITPOINT WARNING * * *
Found 13 gold pieces.
Duvessa closely misses you. Duvessa hits you with a rapier!
You die...

...........# ....e
...........# .....
.#.........# ..[.
#.........# ...#
..........#
..........####
#............##
#.........##..#
#.........# #@#
..........###e#####
..........r..W....#
.....?.............#
....................#
.......<..........$$#
....................#
....................#
....................#


You could see Duvessa (berserk) and Kloppie's ghost.

Vanquished Creatures
  Dowan (D:4)
  The ghost of Schimscham the Magician, a weakling DEFE (D:3)
  2 adders
  An ooze (D:1)
  A worm (D:3)
  3 dart slugs
  An orc (D:3)
  2 ball pythons (D:2)
  9 bats
  4 giant cockroaches
  8 goblins
  8 hobgoblins
  4 jackals (D:1)
  4 quokkas
  5 frilled lizards
  4 kobolds
  A leopard gecko skeleton (D:4)
  A rat (D:3)
60 creatures vanquished.

Notes
Turn   | Place    | Note
-------+----------+-------------------------------------------
     0 | D:1      | Kloppie the Demonspawn Berserker began the quest for the Orb.
     0 | D:1      | Reached XP level 1. HP: 18/18 MP: 1/1
   102 | D:1      | Gained mutation: You have sharp fingernails. [demonic ancestry]
   102 | D:1      | Reached XP level 2. HP: 24/24 MP: 2/2
   483 | D:1      | Gained mutation: You regenerate a little health from kills. [demonic ancestry]
   483 | D:1      | Reached XP level 3. HP: 30/30 MP: 3/3
  1012 | D:2      | Reached ** piety under Trog
  1555 | D:3      | Noticed Schimscham's ghost (weakling DEFE)
  1561 | D:3      | Killed Schimscham's ghost
  1561 | D:3      | Gained mutation: Your movements are slightly less encumbered by armour. (ER -2) [demonic ancestry]
  1561 | D:3      | Reached XP level 4. HP: 37/37 MP: 4/4
  1953 | D:3      | Found a shimmering altar of Xom.
  1954 | D:3      | Found a shimmering altar of Xom.
  1955 | D:3      | Found a shimmering altar of Xom.
  1955 | D:3      | Found a shimmering altar of Xom.
  2331 | D:4      | Noticed Dowan
  2332 | D:4      | Noticed Duvessa
  2349 | D:4      | Killed Dowan
  2349 | D:4      | Reached XP level 5. HP: 43/43 MP: 5/5
  2370 | D:4      | Noticed Kloppie's ghost (amateur DsBe)
  2397 | D:4      | Slain by Duvessa

Skill      XL: |  1  2  3  4 |
---------------+-------------+-----
Axes           | 3 4 |  4.3
Fighting       | 4 |  4.7
Armour         | |  1.7
Dodging        | |  1.7

Action                   |  1- 3 |  4- 6 || total
-------------------------+-------+-------++-------
Melee: Hand axe          |   116 |   107 ||   223
Invok: Berserk           |     1 |     1 ||     2
  Use: Potion            |       |     1 ||     1
  Eat: Chunk             |     2 |     4 ||     6
Armor: Animal skin       |     2 |       ||     2
       Ring mail         |    31 |       ||    31
       Chain mail        |    23 |    55 ||    78
Dodge: Dodged            |    71 |    50 ||   121
